 Dungeon Crawl Stone Soup version 0.31-a0-358-gac0dbeb3ab (webtiles) character file.

Game seed: 13254327256062532682

25 Locuples the Chopper (level 2, -3/27 HPs)
             Began as a Minotaur Monk on July 25, 2023.
             Slain by a gnoll
             ... wielding a +0 flail
             ... led by a gnoll bouda
              (5 damage)
             ... on level 2 of the Dungeon.
             The game lasted 00:01:42 (784 turns).

Locuples the Chopper (Minotaur Monk)                 Turns: 784, Time: 00:01:43

Health: -3/27      AC:  7    Str: 15    XL:     2   Next: 86%
Magic:  1/1        EV: 11    Int:  7    God:
Gold:   84         SH:  0    Dex: 18    Spells: 1/1 levels left

rFire   . . .        a - +0 hand axe
rCold   . . .        d - orb {light}
rNeg    . . .        k - +0 scale mail
rPois   .            (helmet restricted)
rElec   .            (no cloak)
rCorr   .            (no gloves)
SInv    .            b - +0 pair of boots
Will    .....        (no amulet) Stlth
                     g - +6 ring of dexterity
HPRegen 0.24/turn    (no ring)
MPRegen 0.07/turn

%: no passive effects
@: weakened, glowing
A: horns 2, retaliatory headbutt
a: no special abilities


You were on level 2 of the Dungeon.
You visited 1 branch of the dungeon, and saw 2 of its levels.

You collected 84 gold pieces.

Inventory:

Hand Weapons
 a - a +0 hand axe (weapon)
Armour
 b - a +0 pair of boots (worn)
 d - an orb of light (worn)
 k - a +0 scale mail (worn)
Jewellery
 g - a +6 ring of dexterity (left hand)
 j - a ring of magical power
Scrolls
 e - a scroll of butterflies {unknown}
 i - a scroll of enchant weapon {unknown}
Potions
 c - a potion of ambrosia
 f - 2 potions of heal wounds {unknown}
 h - a potion of invisibility {unknown}


   Skills:
 + Level 4.0 Fighting
 + Level 4.2 Axes
 + Level 3.7 Dodging


You had one spell level left.
You didn't know any spells.
Your spell library was empty.

Dungeon Overview and Level Annotations

Branches:
Dungeon (2/15)

Altars:


Innate Abilities, Weirdness & Mutations

You have a pair of horns on your head.
You reflexively headbutt those who attack you in melee.


Message History

The gnoll hits you with a +0 whip.
You hit the gnoll bouda.
You headbutt the gnoll bouda, but do no damage.
The gnoll bouda is lightly wounded.
You hit the gnoll. x2
The gnoll bouda barks out a call to the hunt!
The gnolls pick up the pace!
The gnoll barely misses you. x2
You barely miss the gnoll bouda. You headbutt the gnoll bouda!
The gnoll bouda is severely wounded.
You hit the gnoll. x2; The gnoll bouda barely misses you.
The gnoll closely misses you. The gnoll hits you with a +0 whip.
The gnoll bouda hits you but does no damage.
The gnoll hits you with a +0 whip. x2
Unknown command.
You hit the gnoll bouda.
The gnoll bouda is almost dead.
You hit the gnoll. You barely miss the gnoll.
The gnoll bouda gazes fiercely through you!
You feel your attacks grow feeble.
The gnoll bouda hits you with a +0 whip.
The gnoll barely misses you. The gnoll completely misses you.
You hit the gnoll bouda.
You headbutt the gnoll bouda, but do no damage.
The gnoll bouda is almost dead.
You hit the gnoll. x4; The gnoll closely misses you.
The gnoll hits you with a +0 club.
* * * LOW HITPOINT WARNING * * *
The gnoll bouda hits you with a +0 whip.
* * * LOW HITPOINT WARNING * * *
The gnoll hits you with a +0 whip.
* * * LOW HITPOINT WARNING * * *
The gnoll barely misses you. You furiously retaliate!
You headbutt the gnoll.
The gnoll bouda attacks as you move away!
The gnoll bouda closely misses you. The gnoll barely misses you.
The gnoll attacks as you move away! The gnoll closely misses you.
The gnoll attacks as you move away! The gnoll hits you with a +0 flail.
* * * LOW HITPOINT WARNING * * *
The gnoll hits you with a +0 flail.
You die...

#.#. #.# #.#.##.#
##....#.# . .........
.> ......# ... #....#
####.. #..g# ....
#..g####.####[..
#######...gg@.........
#........†g.g#.#####..#
.#####.#.##.#........#
#.#.......####.#
#.#.#####.# #.#<# #.#
#...# #.# ###.### #.#
#.#.###.#


You could see 5 gnolls.

Vanquished Creatures
  A dart slug (D:1)
  2 ball pythons (D:1)
  An endoplasm (D:1)
  A giant cockroach (D:1)
  3 goblins (D:1)
  3 hobgoblins (D:1)
  4 jackals (D:2)
  A kobold (D:1)
  A bat (D:1)
  2 frilled lizards (D:1)
  A rat (D:1)
20 creatures vanquished.

Notes
Turn   | Place    | Note
-------+----------+-------------------------------------------
     0 | D:1      | Locuples the Minotaur Monk began the quest for the Orb.
     0 | D:1      | Reached XP level 1. HP: 19/19 MP: 0/0
    92 | D:1      | Reached XP level 2. HP: 27/27 MP: 1/1
   783 | D:2      | HP: 1/27 [gnoll/+0 flail[a gnoll bouda] (4)]
   784 | D:2      | Slain by a gnoll

Illustrated notes

Levels and vault maps discovered:
D:1:      dpeg_arrival_houses_and_road, layout_loops_cross
D:2:      layout_loops_ring, uniq_natasha

Skill      XL: |  1  2 |
---------------+-------+-----
Axes           | 4 |  4.2
Fighting       | 4 |  4.0
Dodging        | |  3.7

Action                     || total
---------------------------++-------
  Melee: Hand axe          ||    39
         Headbutt          ||     8
   Stab: Sleeping          ||     1
 Armour: Scale mail        ||     9
         Robe              ||     3
  Dodge: Dodged            ||    42

Table legend: (Time is in decaauts)
 A = Elapsed time spent in this place.
 B = Non-inter-level travel time spent in this place.
 C = Inter-level travel time spent in this place.
 D = Time resting spent in this place.
 E = Time spent auto-exploring this place.
 F = Levels seen in this place.
 G = Mean time per level.
                   A        B        C        D        E       F      G
               +--------+--------+--------+--------+--------+-----+--------+
         Total |    787 |    691 |     96 |      0 |    499 |   2 |  393.5 |
       Dungeon |    787 |    691 |     96 |      0 |    499 |   2 |  393.5 |
               +--------+--------+--------+--------+--------+-----+--------+

Top non-repeatable levels by time:
     D:1: 736 daAuts
     D:2: 50 daAuts
